 Dungeon Crawl Stone Soup version 0.22-a0-160-gcc81d7a (webtiles) character file.

55 vishdafish the Charmwright (level 3, -7/27 HPs)
             Began as a Demonspawn Skald on Feb 10, 2018.
             Killed by divine providence
             ... invoked by an orc priest
              (11 damage)
             ... on level 3 of the Dungeon.
             The game lasted 00:03:09 (2177 turns).

vishdafish the Charmwright (Demonspawn Skald)       Turns: 2177, Time: 00:03:11

Health: -7/27      AC:  3    Str: 11    XL:     3   Next: 67%
Magic:  0/6        EV: 12    Int: 15    God:
Gold:   15         SH:  0    Dex: 12    Spells: 5/6 levels left

rFire    . . .     SeeInvis .   a - +0 short sword
rCold    . . .     Gourm    .   (no shield)
rNeg     . . .     Faith    .   b - +0 leather armour
rPois    .         Spirit   +   (no helmet)
rElec    .         Reflect  .   m - scarf {Spirit}
rCorr    .         Harm     .   (no gloves)
MR       .....                  (no boots)
Stlth    ++........             (no amulet)
HPRegen  0.09/turn              (no ring)
MPRegen  0.10/turn              (no ring)

@: no status effects
A: nightstalker 1, powered by death 1
a: no special abilities


You were on level 3 of the Dungeon.
You were hungry.

You visited 1 branch of the dungeon, and saw 3 of its levels.

You collected 15 gold pieces.

Inventory:

Hand Weapons
 a - a +0 short sword (weapon)
Missiles
 k - 19 poisoned needles
Armour
 b - a +0 leather armour (worn)
 m - a scarf of spirit shield (worn)
Scrolls
 d - a scroll of fog {unknown}
 e - a scroll of amnesia {unknown}
 h - a scroll of identify {unknown}
 l - a scroll of remove curse {unknown}
 n - a scroll of enchant armour {unknown}
Potions
 f - a potion of curing {unknown}
 g - a potion of brilliance {unknown}
 i - a potion of haste {unknown}
 j - a potion of ambrosia {unknown}
Books
 c - a book of Battle

   Spells                             Type                      Level
   a - Infusion                       Charms                       1
   b - Shroud of Golubria             Charms/Translocation         2
   c - Song of Slaying                Charms                       2
   d - Spectral Weapon                Hexes/Charms                 3
   e - Regeneration                   Charms/Necromancy            3


   Skills:
 + Level 2.1 Fighting
 + Level 2.6 Short Blades
 - Level 1.4 Armour
 + Level 2.2 Dodging
 * Level 0.5 Stealth
 - Level 2.0 Spellcasting
 - Level 3.0 Charms


You had 5 spell levels left.
You knew the following spells:

 Your Spells              Type           Power        Failure   Level  Hunger
a - Infusion              Chrm           ##..         9%          1    #......


Dungeon Overview and Level Annotations

Branches:
Dungeon (3/15)

Altars:


Innate Abilities, Weirdness & Mutations

You are slightly more attuned to the shadows.
You regenerate a little health from kills.


Message History

No target in view!
As you open the door, it creaks loudly!
You hear a shout! x3
Found a stone staircase leading down.
An orc and an orc priest come into view.
The orc shouts!
The orc priest shouts!
A quokka and an orc come into view.
There is an open door here.
A giant cockroach comes into view.
You close the door.
An orc priest opens the door.
The orc priest calls down the wrath of Beogh upon you.
Pain shoots through your body!
The orc priest mumbles some strange prayers to Beogh against you.
Beogh smites you!
* * * LOW HITPOINT WARNING * * *
Okay, then.
There is an open door here.
The orc priest calls down the wrath of Beogh upon you.
Beogh smites you!
You die... ##......### #.......... .... #######.......... . ro.

......'.......... ..##.o
#######.......... .....#########
#...##.......... #.o.#.......#
#...##........#.
..#..o#..o.†..###...##........#.
....>.'...r...'@'...†...........
..#.#.#.......###...############
#.######### #..[# # #. #...# #.
#...##### +. #.......# #.
#.......# ##......# #......#


You could see an orc priest and a quokka.

Vanquished Creatures
  2 adders (D:3)
  An ooze (D:3)
  A worm (D:2)
  2 dart slugs (D:1)
  An orc (D:3)
  3 bats
  A giant cockroach (D:1)
  A goblin (D:3)
  2 hobgoblins (D:1)
  2 quokkas (D:3)
  4 frilled lizards
  6 kobolds
  2 rats
28 creatures vanquished.

Notes
Turn   | Place    | Note
-------+----------+-------------------------------------------
     0 | D:1      | vishdafish the Demonspawn Skald began the quest for the Orb.
     0 | D:1      | Reached XP level 1. HP: 16/16 MP: 3/3
    22 | D:1      | Reached skill level 1 in Armour
   584 | D:1      | Gained mutation: You regenerate a little health from kills. [demonic ancestry]
   584 | D:1      | Reached XP level 2. HP: 20/22 MP: 1/5
  1943 | D:3      | Reached skill level 3 in Charms
  1943 | D:3      | Gained mutation: You are slightly more attuned to the shadows. [demonic ancestry]
  1943 | D:3      | Reached XP level 3. HP: 24/27 MP: 1/6
  2177 | D:3      | Killed from afar by an orc priest

Vault maps used:
D:1:      dpeg_arrival_tiny_j
D:2:      first_ration
D:3:      gammafunk_temple_overflow_wave

Skill      XL: |  1  2 |
---------------+-------+-----
Armour         | 1 |  1.4
Short Blades   | 2 |  2.6
Dodging        | 2 |  2.2
Charms         | 3 |  3.0
Fighting       | |  2.1
Stealth        | |  0.5
Spellcasting   | |  2.0

Action                   || total
-------------------------++-------
Melee: Short sword       ||   113
 Cast: Infusion          ||     6
 Stab: Sleeping          ||     2
  Eat: Ration            ||     1
Armor: Leather armour    ||    24
Dodge: Dodged            ||    58

Table legend:
 A = Spawn XP
 B = Non-spawn XP
 C = Spawn XP percentage of total XP
 D = Spawn monster count
 E = Non-spawn monster count
 F = Spawn count percentage of total count
 G = Total turns spent on level
                    A         B        C        D         E        F      G
               +---------+---------+-------+---------+---------+-------+---------
         Total |       0 |      79 |   0.0 |       0 |      28 |   0.0 |  2177
               +---------+---------+-------+---------+---------+-------+---------
           D:1 |       0 |      27 |   0.0 |       0 |      16 |   0.0 |  1412
           D:2 |       0 |       8 |   0.0 |       0 |       4 |   0.0 |   278
           D:3 |       0 |      44 |   0.0 |       0 |       8 |   0.0 |   487
               +---------+---------+-------+---------+---------+-------+---------
